 Dungeon Crawl Stone Soup version 0.30.1-6-gbe392663c4 (webtiles) character file.

Game seed: 17914483490222445077

260746 Wiggles the Executioner (level 19, -51/189 HPs)
             Began as a Minotaur Berserker on Sept 20, 2023.
             Was a High Priest of Trog.
             Annihilated by a titanic slime creature (65 damage)
             ... on level 1 of the Pits of Slime.
             The game lasted 01:04:10 (24976 turns).

Wiggles the Executioner (Minotaur Berserker)       Turns: 24976, Time: 01:04:11

Health: -51/189    AC: 26    Str: 31    XL:     19   Next: 18%
Magic:  18/18      EV: 11    Int:  4    God:    Trog [*****.]
Gold:   2528       SH:  0    Dex:  9    Spells: 18/18 levels left

rFire   . . .        K - +3 broad axe (spect)
rCold   . . .        i - +0 kite shield of Rutorraku {Drain rPois Regen+ SInv}
rNeg    . . .        R - +2 plate armour {rPois}
rPois   +            l - +2 hat
rElec   .            h - +2 cloak
rCorr   +            V - +2 pair of gloves
SInv    +            m - +2 pair of boots
Will    +....        c - amulet of regeneration Stlth
                     r - ring of resist corrosion
HPRegen 2.11/turn    v - +4 ring of protection
MPRegen 0.16/turn

%: no passive effects
@: confused, studying 2 skills, corroded
A: horns 2, retaliatory headbutt
}: 2/15 runes: decaying, gossamer
a: Renounce Religion, Berserk, Trog's Hand, Brothers in Arms


You were on level 1 of the Pits of Slime.
You worshipped Trog.
Trog was extremely pleased with you.
You visited 6 branches of the dungeon, and saw 31 of its levels.
You also visited: Sewer.

You collected 3562 gold pieces.
You spent 1034 gold pieces at shops.

Inventory:

Hand Weapons
 K - a +3 spectral broad axe (weapon)
 P - a +3 vampiric executioner's axe
Missiles
 g - 4 silver boomerangs (quivered)
Armour
 h - a +2 cloak (worn)
 i - the +0 kite shield of Rutorraku (worn) {Drain rPois Regen+ SInv}
   (You acquired it on level 13 of the Dungeon)

   rPois:     It protects you from poison.
   SInv:      It lets you see invisible.
   Regen:     It increases your rate of health regeneration.
   Drain:     It drains your maximum health when unequipped.
 l - a +2 hat (worn)
 m - a +2 pair of boots (worn)
 p - +0 storm dragon scales
 M - +0 fire dragon scales
 R - a +2 plate armour of poison resistance (worn)
 V - a +2 pair of gloves (worn)
Jewellery
 c - an amulet of regeneration (around neck)
 n - a +4 ring of protection
 r - a ring of resist corrosion (left hand)
 v - a +4 ring of protection (right hand)
 L - a ring of positive energy
 N - an amulet of reflection
 T - a +6 ring of strength
 Y - a ring of protection from cold
 Z - a +5 ring of evasion
Wands
 a - a wand of acid (7)
 q - a wand of flame (65)
 u - a wand of roots (13)
 y - a wand of polymorph (33)
 C - a wand of paralysis (31)
 D - a wand of digging (8)
 J - a wand of mindburst (25)
Scrolls
 j - 3 scrolls of poison
 o - 8 scrolls of identify
 s - 8 scrolls of magic mapping
 t - a scroll of blinking
 x - 6 scrolls of teleportation
 H - 5 scrolls of fog
 S - a scroll of silence
 X - 5 scrolls of fear
Potions
 b - 7 potions of might
 d - 4 potions of heal wounds
 e - 5 potions of invisibility
 f - 18 potions of curing
 w - a potion of magic
 z - 4 potions of flight
 B - 6 potions of ambrosia
 E - 4 potions of cancellation
 F - 10 potions of lignification
 G - 3 potions of resistance
 I - 6 potions of haste
 U - a potion of experience
 W - 2 potions of berserk rage
Miscellaneous
 k - a box of beasts
 A - a phial of floods
 O - a lightning rod (4/4)
 Q - a piece from Xom's chessboard (15/15)


   Skills:
 + Level 21.2 Fighting
 + Level 23.8 Axes
 + Level 0.3 Throwing
 + Level 19.2 Armour
 + Level 8.8 Dodging
 + Level 7.6 Stealth
 + Level 16.3 Shields
 + Level 0.1 Evocations


You had 18 spell levels left.
You didn't know any spells.
Your spell library was empty.

Dungeon Overview and Level Annotations

Branches:
Dungeon (15/15)            Temple (0/1) D:4            Lair (5/5) D:11
  Swamp (4/4) Lair:3       Spider (4/4) Lair:3        Slime (1/5) Lair:4
    Orc (2/2) D:10            Elf (0/3) Orc:2        Vaults (0/5) D:13
 Depths (0/4) D:15          Sewer (visited)

Altars:
Ashenzari
Cheibriados
Elyvilon
Fedhas
Hepliaklqana
Nemelex Xobeh
Okawaru
Ru
Sif Muna
Trog
Uskayaw
Xom
Yredelemnul
The Shining One
Jiyva

Shops:
D:4 =(   D:5 :   D:13 ?   Orc:2 =?([

Portals:
Trove: D:14 (give 2 scrolls of acquirement)

Annotations:
D:13 1 runed translucent door


Innate Abilities, Weirdness & Mutations

You have a pair of horns on your head.
You reflexively headbutt those who attack you in melee.


Message History

Your +3 spectral broad axe hits the acid blob!!
Your +3 spectral broad axe is burned by acid!
Your +3 spectral broad axe hits the golden eye!
The titanic slime creature hits you!!!!
* * * LOW HITPOINT WARNING * * *
The golden eye blinks!
The rockslime barely misses you.
You are too confused!
You feel much better.
Your +3 spectral broad axe disappears.
The acid blob hits you.
* * * LOW HITPOINT WARNING * * *
You are splashed with acid.
You resist.
* * * LOW HITPOINT WARNING * * *
The titanic slime creature hits you but does no damage.
The golden eye blinks!
The rockslime hits you but does no damage.
The acid blob hits you!!
* * * LOW HITPOINT WARNING * * *
You are splashed with acid.
You resist.
* * * LOW HITPOINT WARNING * * *
You feel much better.
The rockslime jiggles.
The rockslime hits you!!
* * * LOW HITPOINT WARNING * * *
You hold your ground!
The titanic slime creature barely misses you.
The acid blob hits you.
* * * LOW HITPOINT WARNING * * *
You are splashed with acid.
You resist.
* * * LOW HITPOINT WARNING * * *
You feel much better. The golden eye blinks at you.
You resist with almost no effort. The rockslime hits you!
* * * LOW HITPOINT WARNING * * *
You hold your ground!
The acid blob hits you.
* * * LOW HITPOINT WARNING * * *
You are splashed with acid.
You resist.
* * * LOW HITPOINT WARNING * * *
The titanic slime creature hits you!!!
You die...

.................
.......#.⌠.#......
.............G...#
#.......#.......#
#...........§...#
#.............##
#.............#
###.JJ...#.#.##. #
#.##@J.......... ##
...##....#...... ##.
................###..
.................#...
...........#.........
.....................
...............#....#
#....................
....................#


You could see an acid blob, a titanic slime creature, a rockslime and a golden
eye.

Vanquished Creatures
  Nikola (Spider:2)
  A tentacled monstrosity (Swamp:4)
  2 acid blobs (Slime:1)
  Kirke (Swamp:3)
  Agnes (Spider:4)
  A thorn hunter (Swamp:4)
  Donald (Swamp:2)
  A rockslime (Slime:1)
  9 emperor scorpions
  3 ghost moths (Spider:4)
  A ghoul (Swamp:2)
  2 broodmothers
  A quicksilver ooze (Slime:1)
  2 stone giants
  3 eleionomae (Swamp:3)
  Azrael (Spider:2)
  4 bunyips
  3 spark wasps
  3 dire elephants
  The ghost of gummiwulf the Fighter, a journeyman DsBe of Trog (D:13)
  An ettin (Orc:2)
  4 shambling mangroves
  4 entropy weavers
  An entropy weaver (shapeshifter) (Spider:2)
  2 fire dragons
  2 ogre magi
  6 jorogumos
  18 hydras
  An ice dragon (Lair:4)
  A catoblepas (Lair:5)
  9 boulder beetles
  A spriggan air mage (Swamp:2)
  5 centaur warriors
  A ghost crab (Swamp:3)
  4 radroaches
  2 dancing weapons (D:13)
  10 two-headed ogres
  11 alligators
  3 tengu warriors
  5 death yaks (Lair:5)
  A deep troll earth mage (D:13)
  2 orc high priests (Orc:2)
  9 skeletal warriors
  6 pharaoh ants
  2 deep trolls (D:15)
  5 sun moths
  A spectral death yak (Lair:5)
  7 orb spiders
  4 goliath frogs
  A spectral anaconda (Lair:5)
  8 spriggan druids
  10 swamp dragons
  An obsidian statue (Lair:5)
  7 bog bodies
  8 orc knights
  7 necromancers
  A phantasmal warrior (D:12)
  4 lindwurms (Lair:5)
  15 wolf spiders
  An oklob plant (Lair:5)
  A lindwurm (shapeshifter) (D:15)
  9 steelbarb worms
  2 deep elf pyromancers
  21 ugly things
  An orc sorcerer (Orc:1)
  A shining eye (Slime:1)
  7 cyclopes
  3 moths of wrath
  6 will-o-the-wisps
  2 manticores (D:12)
  2 black mambas (Lair:5)
  An ice statue (Lair:4)
  Joseph (Lair:1)
  28 elephants
  A dire elephant zombie (Lair:5)
  A gargoyle (D:14)
  5 torpor snails
  6 demonic crawlers
  10 cane toads
  A dire elephant skeleton (Lair:5)
  A rime drake (Lair:4)
  2 freezing wraiths (D:15)
  3 kobold demonologists
  An efreet (D:15)
  10 komodo dragons
  3 tengu conjurers
  3 meliai (D:15)
  7 trolls
  7 polar bears
  2 ice devils (D:13)
  14 hornets
  15 tyrant leeches
  23 tarantellas
  17 blink frogs
  4 saltlings (Orc:2)
  Grinder (D:6)
  21 culicivoras
  A shadow (D:10)
  Sigmund (D:6)
  7 slime creatures
  44 jumping spiders
  14 spriggans
  3 wraiths
  A yak (shapeshifter) (D:14)
  3 fire elementals (Spider:2)
  5 basilisks
  59 yaks
  6 hogs (Swamp:3)
  3 golden eyes (Slime:1)
  3 steam dragons
  23 vampire mosquitoes
  53 redbacks
  2 spectral cane toads (Lair:5)
  16 wargs
  An acid dragon (D:13)
  17 water moccasins
  3 hell hounds (Spider:2)
  19 swamp worms
  Duvessa (D:7)
  7 swamp drakes
  4 ice beasts
  22 orc warriors
  2 black bears
  A sky beast (D:6)
  7 ogres
  7 wolves
  3 centaurs
  A centaur (shapeshifter) (D:15)
  A phantom (D:5)
  An elephant skeleton (Lair:5)
  15 kobold brigands
  15 bullfrogs
  5 gnoll sergeants (D:9)
  3 scorpions
  6 wights
  Dowan (D:7)
  3 killer bees (D:10)
  An electric eel (Spider:4)
  6 howler monkeys
  19 orc priests
  3 jellies
  Crazy Yiuf (D:3)
  5 gnoll boudas
  3 hounds
  38 orc wizards
  Natasha (twice) (D:3)
  3 iguanas
  19 hell rats
  Robin (D:3)
  15 gnolls
  7 adders
  5 river rats
  An ufetubus (D:6)
  4 worms
  5 dart slugs
  80 orcs
  5 ball pythons
  6 endoplasms
  A giant cockroach (D:6)
  8 goblins
  12 hobgoblins
  10 jackals
  26 kobolds
  A quokka (D:1)
  6 bats
  7 frilled lizards
  12 rats
  2 butterflies (Lair:2)
  A spectral weapon (Swamp:1)
1180 creatures vanquished.

Vanquished Creatures (collateral kills)
  A thorn hunter (Swamp:4)
  A storm dragon (D:13)
  A spark wasp (Spider:3)
  4 hydras (Swamp:4)
  A centaur warrior (D:13)
  2 radroaches (Spider:3)
  2 two-headed ogres (D:9)
  A jorogumo (Spider:2)
  2 skeletal warriors
  A goliath frog (Swamp:4)
  A swamp dragon (Swamp:4)
  A bog body (Swamp:4)
  A phantasmal warrior (D:12)
  3 wolf spiders
  2 cyclopes (D:9)
  An orc sorcerer (Orc:2)
  3 oklob plants (Lair:3)
  A moth of wrath (Spider:3)
  A will-o-the-wisp (Swamp:4)
  A black mamba (Lair:3)
  2 torpor snails (Spider:3)
  2 gargoyles (D:12)
  A kobold demonologist (D:13)
  An unseen horror (D:12)
  2 trolls
  3 hornets (Swamp:4)
  A meliai (Spider:2)
  A polar bear (Lair:4)
  2 jumping spiders
  A slime creature (D:12)
  A wraith (D:12)
  A culicivora (Spider:3)
  3 redbacks
  A vampire mosquito (D:12)
  A swamp worm (Swamp:4)
  An acid dragon (D:11)
  3 ice beasts (Lair:4)
  5 orc warriors
  5 swamp drakes (Swamp:4)
  4 centaurs (D:11)
  3 kobold brigands
  A gnoll sergeant (D:9)
  A gnoll bouda (D:9)
  2 orc priests
  4 orc wizards
83 creatures vanquished.

Vanquished Creatures (others)
  A lich (D:13)
  A centaur warrior (D:15)
  A pharaoh ant (Spider:2)
  An orb spider (Spider:2)
  A cyclops (D:15)
  A wolf spider (Spider:2)
  2 meliai (Spider:2)
  3 bloated husks
  3 tarantellas (Spider:2)
  A jumping spider (Spider:2)
  2 culicivoras (Spider:2)
  2 redbacks (Spider:2)
  2 orc wizards
  22 foxfires
  20 spectral weapons
63 creatures vanquished.

Grand Total: 1326 creatures vanquished

Notes
Turn   | Place    | Note
-------+----------+-------------------------------------------
     0 | D:1      | Wiggles the Minotaur Berserker began the quest for the Orb.
     0 | D:1      | Reached XP level 1. HP: 19/19 MP: 0/0
   171 | D:1      | Reached skill level 4 in Axes
   171 | D:1      | Reached XP level 2. HP: 27/27 MP: 1/1
   890 | D:2      | Reached XP level 3. HP: 34/34 MP: 2/2
   898 | D:2      | Reached ** piety under Trog
  1039 | D:2      | Reached XP level 4. HP: 41/41 MP: 3/3
  1286 | D:2      | Found a faded altar of an unknown god.
  1337 | D:3      | Noticed Natasha
  1337 | D:3      | Found a broken altar of Ashenzari.
  1346 | D:3      | Killed Natasha
  1435 | D:3      | Reached XP level 5. HP: 45/47 MP: 4/4
  1485 | D:3      | Reached skill level 5 in Axes
  1610 | D:3      | Noticed Robin
  1619 | D:3      | Killed Robin
  1650 | D:3      | Found a runed translucent door.
  1651 | D:3      | Noticed Crazy Yiuf
  1661 | D:3      | Killed Crazy Yiuf
  1721 | D:3      | Reached XP level 6. HP: 55/55 MP: 5/5
  1728 | D:3      | Noticed Natasha
  1738 | D:3      | Killed Natasha
  1739 | D:3      | Reached skill level 5 in Fighting
  1905 | D:3      | Reached *** piety under Trog
  1908 | D:3      | Found a glowing drain.
  1913 | D:3      | Reached skill level 6 in Axes
  1914 | Sewer    | Entered a sewer
  2032 | Sewer    | Found a white marble altar of Elyvilon.
  2409 | D:4      | Found Aproipt's Antique Weapon Boutique.
  2425 | D:4      | Reached skill level 7 in Axes
  2425 | D:4      | Reached XP level 7. HP: 61/61 MP: 6/6
  2484 | D:4      | Found a staircase to the Ecumenical Temple.
  2761 | D:4      | Found Betuss's Jewellery Shoppe.
  2789 | D:4      | Found a bloodstained altar of Trog.
  3102 | D:5      | Entered Level 5 of the Dungeon
  3114 | D:5      | Reached skill level 5 in Armour
  3114 | D:5      | Reached skill level 1 in Stealth
  3137 | D:5      | Reached skill level 8 in Axes
  3283 | D:5      | Reached **** piety under Trog
  3284 | D:5      | Reached XP level 8. HP: 70/70 MP: 7/7
  3293 | D:5      | Found Jih Bext's Book Boutique.
  3351 | D:5      | Found a blossoming altar of Fedhas.
  3813 | D:6      | Noticed Grinder
  3814 | D:6      | Paralysed by Grinder for 4 turns
  3824 | D:6      | Paralysed by Grinder for 3 turns
  3830 | D:6      | Killed Grinder
  3831 | D:6      | Reached skill level 9 in Axes
  3901 | D:6      | Noticed Sigmund
  3908 | D:6      | Killed Sigmund
  4023 | D:6      | Found a sacrificial altar of Ru.
  4329 | D:7      | Reached XP level 9. HP: 75/78 MP: 8/8
  4576 | D:7      | Noticed Dowan
  4577 | D:7      | Noticed Duvessa
  4586 | D:7      | Killed Duvessa
  4594 | D:7      | Killed Dowan
  4771 | D:8      | Reached skill level 10 in Axes
  5029 | D:8      | Reached skill level 5 in Dodging
  5466 | D:9      | Noticed a kobold demonologist
  5469 | D:9      | Reached skill level 11 in Axes
  5469 | D:9      | Reached skill level 10 in Armour
  5476 | D:9      | Reached XP level 10. HP: 88/88 MP: 9/9
  5543 | D:9      | Reached skill level 12 in Axes
  5614 | D:9      | Reached ***** piety under Trog
  5621 | D:9      | Identified the +9 long sword "Hitaps" {spect, Drain +Blink
                  | rF++ Dex+2}
  5645 | D:9      | Found a white marble altar of Elyvilon.
  5677 | D:9      | Reached skill level 13 in Axes
  5842 | D:9      | Reached XP level 11. HP: 97/97 MP: 10/10
  5845 | D:9      | Received a gift from Trog
  5852 | D:9      | Reached skill level 14 in Axes
  5914 | D:9      | Found a sparkling altar of Nemelex Xobeh.
  5916 | D:9      | Found an iron altar of Okawaru.
  5923 | D:9      | Found a hazy altar of Hepliaklqana.
  5927 | D:9      | Found a shimmering altar of Xom.
  5929 | D:9      | Found a glowing golden altar of the Shining One.
  5941 | D:9      | Found a hide-covered altar of Uskayaw.
  6123 | D:9      | Noticed a two-headed ogre
  6124 | D:9      | Noticed an ogre mage
  6131 | D:9      | Killed an ogre mage
  6132 | D:9      | Noticed a two-headed ogre
  6134 | D:9      | Killed a two-headed ogre
  6140 | D:9      | Reached skill level 15 in Axes
  6141 | D:9      | Killed a two-headed ogre
  6142 | D:9      | Reached skill level 10 in Fighting
  6506 | D:9      | Noticed a red ugly thing
  6512 | D:9      | Killed a red ugly thing
  6513 | D:9      | Reached skill level 1 in Shields
  6677 | D:10     | Entered Level 10 of the Dungeon
  6756 | D:10     | Found a staircase to the Orcish Mines.
  6828 | D:10     | Reached skill level 16 in Axes
  6896 | D:10     | Found a snail-covered altar of Cheibriados.
  7061 | D:10     | Found a basalt altar of Yredelemnul.
  7328 | D:11     | Reached XP level 12. HP: 108/108 MP: 11/11
  7382 | D:11     | Found a hide-covered altar of Uskayaw.
  7382 | D:11     | Noticed a boulder beetle
  7406 | D:11     | Killed a boulder beetle
  7510 | D:11     | Found a staircase to the Lair.
  7525 | D:11     | Noticed a two-headed ogre
  7531 | D:11     | Killed a two-headed ogre
  7839 | D:11     | Received a gift from Trog
  7868 | D:12     | Reached ****** piety under Trog
  7876 | D:12     | Reached skill level 17 in Axes
  8369 | D:12     | Reached skill level 18 in Axes
  8371 | D:12     | Reached XP level 13. HP: 118/118 MP: 12/12
  8413 | D:12     | Noticed a fire dragon
  8419 | D:12     | Killed a fire dragon
  8459 | D:12     | Noticed a stone giant
  8466 | D:12     | Killed a stone giant
  8670 | Lair:1   | Entered Level 1 of the Lair of Beasts
  8962 | Lair:1   | Noticed Joseph
  8966 | Lair:1   | Identified the +6 battleaxe of Gugaphabb {flame, rF+} (Trog
                  | gifted it to you on level 1 of the Lair of Beasts)
  8966 | Lair:1   | Received a gift from Trog
  8974 | Lair:1   | Killed Joseph
  9731 | Lair:2   | Reached skill level 19 in Axes
  9766 | Lair:2   | Noticed a dire elephant
  9774 | Lair:2   | Killed a dire elephant
 10291 | Lair:3   | Found a staircase to the Swamp.
 10359 | Lair:3   | Reached skill level 5 in Shields
 10393 | Lair:3   | Reached XP level 14. HP: 132/132 MP: 13/13
 10470 | Lair:3   | Reached skill level 5 in Stealth
 10646 | Lair:3   | Found a hole to the Spider Nest.
 10695 | Lair:3   | Received a gift from Trog
 11393 | Lair:4   | Found a viscous altar of Jiyva.
 11394 | Lair:4   | Found a staircase to the Slime Pits.
 11617 | Lair:4   | Reached skill level 15 in Fighting
 11998 | Lair:5   | Entered Level 5 of the Lair of Beasts
 12283 | Lair:5   | Reached skill level 20 in Axes
 12304 | Lair:5   | Reached skill level 15 in Armour
 12985 | Lair:5   | Reached XP level 15. HP: 122/144 MP: 14/14
 13698 | D:13     | Found a gate to the Vaults.
 13730 | D:13     | Found a runed translucent door.
 13815 | D:13     | Noticed a lich
 13815 | D:13     | Noticed a storm dragon
 13816 | D:13     | Noticed gummiwulf's ghost (journeyman DsBe)
 13873 | D:13     | Found a runed translucent door.
 14018 | D:13     | Found Nydwolal's Magic Scroll Boutique.
 14026 | D:13     | Bought a scroll of acquirement for 780 gold pieces
 14026 | D:13     | Bought a scroll of enchant weapon for 112 gold pieces
 14026 | D:13     | Bought a scroll of identify for 30 gold pieces
 14026 | D:13     | Bought a scroll of enchant weapon for 112 gold pieces
 14026 | D:13     | Acquired the +0 kite shield of Rutorraku {Drain rPois
                  | Regen+ SInv}
 14799 | D:13     | Killed gummiwulf's ghost
 14826 | D:13     | Killed a lich
 14826 | D:13     | Killed a storm dragon
 15052 | D:14     | Found a glowing golden altar of the Shining One.
 15214 | D:14     | Found a portal to a secret trove of treasure.
 15275 | D:14     | Received a gift from Trog
 15541 | D:15     | Entered Level 15 of the Dungeon
 15679 | D:15     | Reached skill level 21 in Axes
 15795 | D:15     | Found a staircase to the Depths.
 15816 | D:15     | Reached XP level 16. HP: 148/155 MP: 15/15
 16009 | D:15     | Found a shimmering altar of Xom.
 16469 | Orc:1    | Entered Level 1 of the Orcish Mines
 16679 | Orc:1    | Found a bloodstained altar of Trog.
 16739 | Orc:2    | Entered Level 2 of the Orcish Mines
 16836 | Orc:2    | Received a gift from Trog
 17272 | Orc:2    | Found a staircase to the Elven Halls.
 17452 | Orc:2    | Found a shimmering blue altar of Sif Muna.
 17557 | Orc:2    | Paralysed by an orc sorcerer for 2 turns
 17564 | Orc:2    | Found Isapeth's Jewellery Boutique.
 17594 | Orc:2    | Found Nuveufiy's Magic Scroll Boutique.
 17637 | Orc:2    | Reached skill level 10 in Shields
 17637 | Orc:2    | Found Kalol's Antique Armour Shoppe.
 17707 | Orc:2    | Found Ryreex's Antique Weapon Shop.
 17988 | Swamp:1  | Entered Level 1 of the Swamp
 18208 | Swamp:1  | Identified the +8 plate armour of the Accordion {rF+ Will+
                  | Int+2 Dex-4}
 18594 | Swamp:2  | Received a gift from Trog
 18842 | Swamp:2  | Noticed Donald
 18854 | Swamp:2  | Killed Donald
 19117 | Swamp:2  | Reached skill level 22 in Axes
 19274 | Swamp:2  | Reached XP level 17. HP: 146/166 MP: 16/16
 19677 | Swamp:3  | Noticed Kirke
 19687 | Swamp:3  | Killed Kirke
 19835 | Swamp:3  | Received a gift from Trog
 20085 | Swamp:3  | Identified the +6 scale mail "Qakuh" {Stlth+}
 20438 | Swamp:4  | Entered Level 4 of the Swamp
 20784 | Swamp:4  | Noticed a tentacled monstrosity
 20789 | Swamp:4  | Killed a tentacled monstrosity
 20810 | Swamp:4  | Received a gift from Trog
 21148 | Swamp:4  | Got a decaying rune of Zot
 21454 | Spider:1 | Entered Level 1 of the Spider Nest
 21759 | Spider:1 | Reached XP level 18. HP: 166/178 MP: 17/17
 21812 | Spider:1 | Received a gift from Trog
 22431 | Spider:2 | Noticed Azrael
 22454 | Spider:2 | Killed Azrael
 22473 | Spider:2 | Reached skill level 23 in Axes
 22751 | Spider:2 | Received a gift from Trog
 22840 | Spider:2 | Noticed Nikola
 22855 | Spider:2 | Killed Nikola
 23342 | Spider:3 | Reached skill level 15 in Shields
 23669 | Spider:4 | Entered Level 4 of the Spider Nest
 23672 | Spider:4 | Noticed Agnes
 23681 | Spider:4 | Killed Agnes
 23822 | Spider:4 | Identified the +5 sling "Zuolakui" {speed, Dex+2}
 23934 | Spider:4 | Identified the +0 hat of Nickall {rPois Will+++ Int-5
                  | Stlth+}
 24065 | Spider:4 | Identified the +2 battleaxe of the Desert {flame, rElec
                  | Dex+2} (Trog gifted it to you on level 4 of the Spider
                  | Nest)
 24065 | Spider:4 | Received a gift from Trog
 24193 | Spider:4 | Reached XP level 19. HP: 145/189 MP: 1/18
 24366 | Spider:4 | Identified the scarf of the Pits of Slime {harm, Str+4
                  | SInv}
 24379 | Spider:4 | Got a gossamer rune of Zot
 24816 | Slime:1  | Entered Level 1 of the Pits of Slime
 24976 | Slime:1  | Annihilated by a titanic slime creature

Illustrated notes

Levels and vault maps discovered:
D:1:      heliophobic_arrival_glass_houses, layout_basic, supply_closet_lemuel
D:2:      layout_rooms, dreamdust_ecumenical_altar_hidden_monk_grotto
D:3:      layout_basic, ashenzari_conservatory_becter,
          lightli_sewer_entry_pipes, chequers_serial_rivers_micro_d,
          kennysheep_generic_room_4, uniq_crazy_yiuf_cottage, uniq_robin,
          uniq_natasha
D:4:      layout_basic, mainiacjoe_overflow_alcove_1,
          minmay_temple_entry_arrows, serial_shops, shop_statue,
          kennysheep_mini_moat
D:5:      layout_rooms, fedhas_altar_fruit_tree, serial_shops,
          nicolae_lakefront_shop
D:6:      layout_loops_ring, nicolae_ru_great_annihilating_truth,
          amethyst_killhole, uniq_sigmund, uniq_grinder
D:7:      layout_rooms, kennysheep_decorative_pillar, uniq_duvessa
D:8:      layout_loops_ring, kennysheep_nub, st_stairs_5
D:9:      lemuel_castle_with_subvaults [lemuel_castle_interior_original],
          layout_irregular_city, mainiacjoe_overflow_cross_hatched,
          nicolae_overflow_hallway_of_the_gods
D:10:     layout_basic, kennysheep_slug_shrine,
          mainiacjoe_overflow_six_doors_small, david_orc_3
D:11:     layout_loops_ring, erik_lair_orcish_takeover,
          nicolae_uskayaw_murder_on_the_dancefloor
D:12:     thingy_vault, layout_basic
D:13:     layout_layer_cave, erik_vaults_1, serial_shops, shop,
          muffindrake_ghost_dual_entry, portal_ice_cave_demonic_guard
D:14:     layout_roguey, nicolae_trove_entry_isolated, tso_metal_star
D:15:     hangedman_depths_entry_civil_slaughter, layout_irregular_city,
          hangedman_decor_clover_reticule, xom_confusion_cloud
Lair:1:   layout_small_grid, st_stairs_12, uniq_joseph
Lair:2:   mu_elephants_graveyard, layout_long_grid, lemuel_fruit_fields,
          serial_bayou_shore_b
Lair:3:   minmay_lair_oklob_chamber, layout_cellular_growth,
          minmay_swamp_entry_worms, spider_nest_entry_funnel_web,
          beast_lair_carwin_2, lemuel_fruit_fields, lemuel_fruit_fields
Lair:4:   layout_regular_city, minmay_slime_entry_pillars, ice2_lemuel,
          lemuel_fruit_tree
Lair:5:   due_jungle_book, layout_regular_city, minmay_lair_oklob_items,
          serial_bayou_pond_d, minmay_lindwurm_lava, grunt_megastairs_3
Swamp:1:  layout_basic_swamp, infiniplex_staircase_pool
Swamp:2:  nzn_winding_woodlands_cross [nzn_winding_woodlands_5x15_crooked,
          nzn_winding_woodlands_5x15_garden, nzn_winding_woodlands_5x15_eye,
          nzn_winding_woodlands_5x15_sawtooth,
          nzn_winding_woodlands_15x15_boxy_spiral], layout_basic_swamp,
          nicolae_swamp_trees_clearing, swamp_pool3, uniq_donald
Swamp:3:  layout_basic_swamp, nicolae_swamp_small_spring, swamp_pool3,
          nicolae_swamp_bloodsuckers_inc, uniq_kirke
Swamp:4:  swamp_basic_johnstein, layout_basic_swamp
Spider:1: layout_spider_delve, nicolae_spider_bug_shape
Spider:2: layout_cave_pods, hellmonk_deceptive_appearances,
          nicolae_spider_cling_halls, uniq_azrael, uniq_nikola
Spider:3: layout_spider_delve
Spider:4: grunt_spider_rune_circles, hellmonk_motheaten_closet, uniq_agnes
Slime:1:  layout_caves, cheibrodos_slime_lost_civilization_7
Orc:1:    layout_diamond_mine, basic_altar
Orc:2:    hellmonk_orc_salted, layout_caves, kennysheep_orc_sif_temple

Skill      XL: |  1  2  3  4  5  6  7  8  9 10 11 12 13 14 15 16 17 18 19 |
---------------+----------------------------------------------------------+-----
Axes           | 4 5 7 8 9 11 13 16 18 19 20 21 22 23 | 23.8
Fighting       | 4 5 6 8 9 10 12 14 16 17 18 19 21 | 21.2
Dodging        | 3 4 5 6 7 8 |  8.8
Armour         | 3 4 6 8 10 11 12 14 15 16 17 18 19 | 19.2
Stealth        | 1 2 3 4 5 6 7 |  7.6
Shields        | 1 3 5 6 8 11 13 15 16 | 16.3
Throwing       | |  0.3
Evocations     | |  0.1

Action                     |  1- 3 |  4- 6 |  7- 9 | 10-12 | 13-15 | 16-18 | 19-21 || total
---------------------------+-------+-------+-------+-------+-------+-------+-------++-------
  Melee: Hand axe          |    65 |   186 |   230 |       |       |       |       ||   481
         Headbutt          |    10 |    35 |    56 |    70 |   197 |   216 |    13 ||   597
         Punch             |       |       |     2 |       |       |       |       ||     2
         Broad axe         |       |       |     8 |   350 |   698 |   898 |    53 ||  2007
  Throw: Boomerang         |     5 |       |       |       |       |       |       ||     5
 Invoke: Berserk           |     1 |     3 |     9 |     3 |     3 |     2 |       ||    21
         Brothers in Arms  |       |       |       |     5 |     8 |    15 |       ||    28
  Evoke: Wand              |       |       |       |       |       |     2 |       ||     2
    Use: Scroll            |       |       |    16 |    11 |    12 |     3 |     1 ||    43
         Potion            |       |       |       |       |     4 |     3 |     4 ||    11
   Stab: Invisible         |       |       |     1 |       |       |       |       ||     1
         Paralysed         |       |       |     1 |       |       |       |       ||     1
         Distracted        |       |       |       |     5 |    19 |    19 |     3 ||    46
         Confused          |       |       |       |       |       |     1 |       ||     1
 Armour: Ring mail         |    41 |    16 |       |       |       |       |       ||    57
         Chain mail        |       |    59 |    95 |       |       |       |       ||   154
         Plate armour      |       |       |    29 |   207 |   316 |   593 |    41 ||  1186
         Storm dragon scal |       |       |       |       |    55 |    46 |       ||   101
  Dodge: Dodged            |    43 |   101 |   121 |   136 |   246 |   348 |    22 ||  1017
  Block: Buckler           |       |       |       |    42 |   107 |       |       ||   149
         Kite shield       |       |       |       |       |    62 |   550 |    29 ||   641
